 Dungeon Crawl Stone Soup version 0.23-a0-644-gb60d84b (webtiles) character file.

6976 Azzok the Severer (level 10, -6/81 HPs)
             Began as a Deep Dwarf Fighter on Jan 1, 2019.
             Was a Priest of Makhleb.
             Mangled by Snorg (7 damage)
             ... on level 10 of the Dungeon.
             The game lasted 00:16:41 (6922 turns).

Azzok the Severer (Deep Dwarf Fighter)              Turns: 6922, Time: 00:16:42

Health: -6/81      AC: 20    Str: 23    XL:     10   Next: 81%
Magic:  13/13      EV:  4    Int:  9    God:    Makhleb [***...]
Gold:   502        SH:  9    Dex: 12    Spells: 9/9 levels left

rFire    . . .     SeeInvis .   D - +0 broad axe
rCold    . . .     Gourm    +   c - +0 shield
rNeg     . . .     Faith    .   C - +1 plate armour
rPois    +         Spirit   .   r - +0 helmet (curse)
rElec    .         Reflect  .   i - +1 cloak
rCorr    .         Harm     .   t - +2 pair of gloves
MR       +....                  b - +0 pair of boots
Stlth    ..........             j - amulet of the gourmand
HPRegen  0.00/turn              y - ring of poison resistance
MPRegen  0.13/turn              x - +1 ring of slaying

@: very slightly contaminated, non-regenerating, invisible
A: damage resistance, heal wounds, sense surroundings 2, no regeneration
a: Heal Wounds, Minor Destruction, Lesser Servant of Makhleb, Renounce Religion


You were on level 10 of the Dungeon.
You worshipped Makhleb.
Makhleb was most pleased with you.
You were completely stuffed.

You visited 1 branch of the dungeon, and saw 10 of its levels.
You also visited: Sewer.

You collected 554 gold pieces.
You spent 52 gold pieces at shops.

Inventory:

Hand Weapons
 v - a +0 morningstar of protection
 D - a +0 broad axe (weapon)
Missiles
 E - 18 javelins (quivered)
Armour
 b - a +0 pair of boots (worn)
 c - a +0 shield (worn)
 i - a +1 cloak (worn)
 r - a cursed +0 helmet (worn)
 t - a +2 pair of gloves (worn)
 C - a +1 plate armour (worn)
Jewellery
 j - an amulet of the gourmand (around neck)
 x - a +1 ring of slaying (right hand)
 y - a ring of poison resistance (left hand)
Wands
 w - a wand of iceblast (9)
 A - a wand of polymorph (6)
Scrolls
 d - a scroll of enchant weapon {unknown}
 h - 11 scrolls of remove curse
 k - 2 scrolls of enchant armour
 l - 2 scrolls of immolation
 u - a scroll of fear
Potions
 e - 4 potions of flight
 m - 8 potions of curing
 n - 2 potions of haste {unknown}
 o - a potion of lignification {unknown}
 p - 5 potions of heal wounds
 z - 2 potions of mutation {unknown}
Comestibles
 f - 16 rations


   Skills:
 - Level 2.6 Fighting
 + Level 15.4 Axes
 - Level 3.2 Armour
 - Level 3.2 Shields
 + Level 9.7 Evocations


You had 9 spell levels left.
You didn't know any spells.
Your spell library contained the following spells:

 Spells                   Type           Power        Failure   Level  Hunger
 Apportation              Tloc           #.....       100%        1    ##.....
 Summon Butterflies       Summ           #.......     100%        1    ##.....
 Lesser Beckoning         Tloc           #.........   100%        3    ####...
 Tukima's Dance           Hex            #.......     100%        3    ####...
 Alistair's Intoxication  Tmut/Pois      #.......     100%        5    ######.
 Invisibility             Hex            #.......     100%        6    #######


Dungeon Overview and Level Annotations

Branches:
Dungeon (10/15)            Temple (0/1) D:6
   Lair: D:8-11         Orc: D:9-12

Altars:
Cheibriados
Makhleb
Ru
Vehumet
Wu Jian
Xom
Yredelemnul
The Shining One

Shops:
D:5 *   D:8 ?

Annotations:
D:5 1 runed door
D:10 Snorg


Innate Abilities, Weirdness & Mutations

You are resistant to damage.
You can heal yourself by infusing magical energy.
You passively map the area around you.
You do not regenerate.


Message History

* * * LOW HITPOINT WARNING * * *
Snorg claws you!
* * * LOW HITPOINT WARNING * * *
Snorg claws you but does no damage. You block Snorg's attack. Snorg claws you!
* * * LOW HITPOINT WARNING * * *
You block Snorg's attack.
You feel much better. Snorg bites you!
* * * LOW HITPOINT WARNING * * *
You block Snorg's attack. Snorg claws you.
* * * LOW HITPOINT WARNING * * *
Your magical essence is drained by the effort!
You feel much better. Snorg bites you!!
* * * LOW HITPOINT WARNING * * *
Snorg claws you but does no damage. Snorg claws you!
* * * LOW HITPOINT WARNING * * *
You block Snorg's attack. x2; Snorg claws you.
* * * LOW HITPOINT WARNING * * *
Snorg bites you!
You die...

▒·▒▒·▒▒▒▒▒▒▒
░ ▒····
▒·▒▒·▒ ◦◦
╬···· ▒·▒▒·▒
░ ░ ▒····
▒·▒▒·▒ ░ ◦
▒▒·▒'
▒▒▒·▒▒·▒▒▒
▒▒▒·▒▒▒▒·▒·
▒········▒◦
·········▒·
▒·▒·▒··▒·▒
◦····▒▒▒··▒·
▒·▒·▒·T▒T▒
◦·····>···▒)
▒ ▒·▒·@▒·▒
▒▒▒▒▒▒▒·▒▒·
▒····▒··
···········
◦▒·······
▒▒▒▒▒▒▒·▒▒· ░
▒········
···········
░··········
········(·· ░
▒▒▒▒▒▒▒▒▒▒·
··▒▒▒▒▒·▒▒▒ ◦
·············
◦
···▒▒▒▒(···>
◦ ░░ ░ ░
▒▒▒▒▒▒


You could see Snorg (berserk).

Vanquished Creatures
  2 two-headed ogres (D:9)
  A cyclops (D:8)
  Joseph (D:8)
  A troll (D:10)
  A hornet (D:10)
  5 yaks (D:10)
  2 wyverns (D:8)
  Edmund (D:5)
  5 orc warriors
  An ice beast (D:5)
  2 phantoms
  2 sky beasts
  An eye of draining (D:9)
  4 ogres
  2 centaurs
  A big kobold (Sewer)
  3 bullfrogs
  A scorpion (D:5)
  A killer bee (D:9)
  3 howler monkeys
  3 crimson imps
  A centaur zombie (D:9)
  4 orc priests
  6 hounds
  3 jellies
  13 orc wizards
  2 bullfrog skeletons
  6 worker ants
  A killer bee zombie (D:10)
  A hound zombie (D:6)
  2 hound skeletons
  A howler monkey zombie (D:7)
  A worker ant zombie (D:5)
  6 adders
  5 gnolls
  A river rat (Sewer)
  A shadow imp (D:6)
  An adder zombie (D:8)
  2 adder skeletons (D:5)
  A worm (D:4)
  A dart slug (D:1)
  2 leopard geckos
  43 orcs
  5 ball pythons
  5 giant cockroaches
  4 goblins
  3 hobgoblins
  4 jackals
  2 quokkas
  5 bats
  3 frilled lizards
  10 kobolds
  A leopard gecko skeleton (D:6)
  2 leopard gecko zombies (D:6)
  2 quokka skeletons (D:5)
  12 rats
205 creatures vanquished.

Vanquished Creatures (others)
  A sky beast (D:6)
  An orc wizard (D:7)
2 creatures vanquished.

Grand Total: 207 creatures vanquished

Notes
Turn   | Place    | Note
-------+----------+-------------------------------------------
     0 | D:1      | Azzok the Deep Dwarf Fighter began the quest for the Orb.
     0 | D:1      | Reached XP level 1. HP: 20/20 MP: 1/1
   176 | D:1      | Reached skill level 3 in Axes
   186 | D:1      | Reached XP level 2. HP: 24/27 MP: 2/2
   714 | D:2      | Reached XP level 3. HP: 15/33 MP: 3/3
   715 | D:2      | Reached skill level 4 in Axes
   955 | D:2      | Found a snail-covered altar of Cheibriados.
  1305 | D:3      | Reached skill level 5 in Axes
  1305 | D:3      | Reached XP level 4. HP: 4/40 MP: 4/4
  1333 | D:3      | Found a basalt altar of Yredelemnul.
  1333 | D:3      | Found a burning altar of Makhleb.
  1333 | D:3      | Found a radiant altar of Vehumet.
  1398 | D:3      | Became a worshipper of Makhleb the Destroyer
  1498 | D:3      | Found an ornate altar of the Wu Jian Council.
  1964 | D:4      | Found a sacrificial altar of Ru.
  2058 | D:4      | Reached skill level 6 in Axes
  2058 | D:4      | Reached XP level 5. HP: 30/46 MP: 5/5
  2186 | D:4      | Reached skill level 7 in Axes
  2186 | D:4      | Reached XP level 6. HP: 34/55 MP: 5/5
  2471 | D:4      | Found a shimmering altar of Xom.
  2672 | D:4      | Found a glowing golden altar of the Shining One.
  2796 | D:5      | Entered Level 5 of the Dungeon
  2806 | D:5      | Reached skill level 8 in Axes
  2856 | D:5      | Reached XP level 7. HP: 59/61 MP: 6/6
  2870 | D:5      | Reached * piety under Makhleb
  2870 | D:5      | Reached skill level 9 in Axes
  2909 | D:5      | Reached skill level 10 in Axes
  3019 | D:5      | Noticed Edmund
  3048 | D:5      | Killed Edmund
  3048 | D:5      | Reached XP level 8. HP: 36/68 MP: 7/7
  3127 | D:5      | Found Ruruusar's General Store.
  3130 | D:5      | Bought a scroll of remove curse for 36 gold pieces
  3210 | D:5      | Found a runed door.
  3566 | D:6      | Reached skill level 11 in Axes
  3702 | D:6      | Got an iridescent whip
  3733 | D:6      | Reached skill level 12 in Axes
  3746 | D:6      | Found a staircase to the Ecumenical Temple.
  3822 | D:6      | Found a glowing drain.
  3831 | D:6      | Reached ** piety under Makhleb
  3835 | Sewer    | Entered a sewer
  3935 | Sewer    | Found a white marble altar of Elyvilon.
  4465 | D:7      | Gained mutation: You passively map the area around you.
                  | [Deep Dwarf growth]
  4465 | D:7      | Reached XP level 9. HP: 38/74 MP: 7/7
  4595 | D:7      | Reached skill level 13 in Axes
  5003 | D:8      | Reached *** piety under Makhleb
  5053 | D:8      | Found Pemeselo's Magic Scroll Shop.
  5061 | D:8      | Bought a scroll of random uselessness for 16 gold pieces
  5126 | D:8      | Identified the cursed +0 whip of Umuxteil {pain, +Rage rC+
                  | MR- Str+3} (You found it on level 6 of the Dungeon)
  5151 | D:8      | Noticed Joseph
  5169 | D:8      | Killed Joseph
  5218 | D:8      | Noticed a cyclops
  5221 | D:8      | Reached skill level 14 in Axes
  5228 | D:8      | Killed a cyclops
  5228 | D:8      | Reached skill level 5 in Evocations
  5486 | D:8      | Reached XP level 10. HP: 53/81 MP: 12/12
  5602 | D:9      | Noticed a two-headed ogre
  5618 | D:9      | Killed a two-headed ogre
  5861 | D:9      | Noticed a two-headed ogre
  5868 | D:9      | Killed a two-headed ogre
  6095 | D:10     | Entered Level 10 of the Dungeon
  6217 | D:10     | Reached skill level 15 in Axes
  6906 | D:10     | Noticed Snorg
  6919 | D:10     | HP: 1/81 [Snorg (6)]
  6922 | D:10     | Mangled by Snorg

Vault maps used:
D:1:      dpeg_arrival_shrine
D:2:      cheibriados_altar_1, kennysheep_generic_room_10
D:3:      nicolae_overflow_crystal_walls, gammafunk_temple_overflow_claw,
          serial_bayou_pond_b
D:4:      lemuel_doored_altar, marbit_many_paths, first_ration,
          nicolae_tso_swordbearing_angel
D:5:      serial_shops, kennysheep_mini, uniq_edmund, uniq_crazy_yiuf_cottage
D:6:      minmay_temple_entry_tees, portal_sewer_entry_e, serial_column_ruins,
          column_ruins_corridor_straight, column_ruins_grid_3,
          column_ruins_open_small, column_ruins_corridor_corner,
          column_ruins_columns_dead_end
D:8:      special_room, serial_shops, nicolae_shop_crystal, uniq_joseph
D:9:      kennysheep_mini_moat
D:10:     uniq_snorg
Sewer:    sewer_kobolds

Skill      XL: |  1  2  3  4  5  6  7  8  9 10 |
---------------+-------------------------------+-----
Axes           | 3 5 6 7 8 10 12 14 15 | 15.4
Evocations     | 5 9 |  9.7
Fighting       | |  2.6
Armour         | |  3.2
Shields        | |  3.2

Action                   |  1- 3 |  4- 6 |  7- 9 | 10-12 || total
-------------------------+-------+-------+-------+-------++-------
Melee: War axe           |    90 |   116 |       |       ||   206
       Broad axe         |       |    13 |   446 |   161 ||   620
Throw: Javelin           |       |       |     4 |     2 ||     6
 Abil: Heal Wounds       |       |     6 |     3 |     7 ||    16
Evoke: Wand              |       |       |       |     7 ||     7
  Use: Scroll            |       |       |    18 |       ||    18
       Potion            |       |       |     7 |     3 ||    10
 Stab: Invisible         |       |       |       |     1 ||     1
  Eat: Chunk             |    12 |     6 |     9 |     5 ||    32
Armor: Scale mail        |    51 |    43 |    35 |       ||   129
       Chain mail        |       |       |    43 |       ||    43
       Plate armour      |       |       |   118 |    82 ||   200
Dodge: Dodged            |    29 |    36 |    77 |    48 ||   190
Block: Shield            |    54 |    71 |   185 |    73 ||   383

Table legend:
 A = Non-vault XP
 B = Vault XP
 C = Vault XP percentage of total XP
 D = Non-vault monster count
 E = Vault monster count
 F = Vault count percentage of total count
                 A         B        C        D         E       F
            +---------+---------+-------+---------+---------+-------
      Total |    8687 |    1279 |  12.8 |     160 |      47 |  22.7
            +---------+---------+-------+---------+---------+-------
        D:1 |      25 |       0 |   0.0 |      14 |       0 |   0.0
        D:2 |      58 |       3 |   4.9 |      13 |       2 |  13.3
        D:3 |      40 |      57 |  58.8 |       4 |       5 |  55.6
        D:4 |     368 |       0 |   0.0 |      19 |       0 |   0.0
        D:5 |     855 |     147 |  14.7 |      18 |       1 |   5.3
        D:6 |     941 |      10 |   1.1 |      24 |       8 |  25.0
        D:7 |     770 |       0 |   0.0 |      25 |       0 |   0.0
        D:8 |    1375 |     943 |  40.7 |      17 |      21 |  55.3
        D:9 |    2331 |       0 |   0.0 |      12 |       0 |   0.0
       D:10 |    1924 |       0 |   0.0 |      14 |       0 |   0.0
      Sewer |       0 |     119 | 100.0 |       0 |      10 | 100.0
            +---------+---------+-------+---------+---------+-------
